 Dungeon Crawl Stone Soup version 0.29-a0-9-g022ca4c890 (webtiles) character file.

Game seed: 17666817291166569808

249 dolemite99 the Slasher (level 5, -5/45 HPs)
             Began as a Minotaur Abyssal Knight on Jan 28, 2022.
             Was a Priest of Lugonu.
             Slain by an orc (8 damage)
             ... on level 3 of the Dungeon.
             The game lasted 00:04:02 (3306 turns).

dolemite99 the Slasher (Minotaur Abyssal Knight)    Turns: 3306, Time: 00:04:02

Health: -5/45      AC:  5    Str: 18    XL:     5   Next: 86%
Magic:  5/5        EV: 10    Int:  7    God:    Lugonu [***...]
Gold:   54         SH:  0    Dex: 12    Spells: 4/4 levels left

rFire   . . .      SeeInvis .   a - +2 falchion
rCold   . . .      Faith    .   (no shield)
rNeg    . . .      Spirit   .   n - +0 ring mail
rPois   .          Reflect  .   (helmet restricted)
rElec   .          Harm     .   (no cloak)
rCorr   .          Rampage  .   (no gloves)
Will    +....                   (no boots)
Stlth   +.........              (no amulet)
HPRegen 0.15/turn               m - ring of willpower
MPRegen 0.09/turn               (no ring)

@: on berserk cooldown, slowed, very slow
A: horns 2, retaliatory headbutt
a: Renounce Religion, Depart the Abyss, Bend Space, Banish


You were on level 3 of the Dungeon.
You worshipped Lugonu.
Lugonu was most pleased with you.
You visited 1 branch of the dungeon, and saw 3 of its levels.
You visited the Abyss 1 time.
You also visited: Sewer.

You collected 54 gold pieces.

Inventory:

Hand Weapons
 a - a +2 falchion (weapon)
 b - a +0 vampiric dagger
Missiles
 d - 6 boomerangs of dispersal
 e - 79 stones
 l - 16 bolts
Armour
 c - a +0 leather armour
 n - a +0 ring mail (worn)
Jewellery
 m - a ring of willpower (left hand)
Scrolls
 f - a scroll of blinking
 i - a scroll of fear
Potions
 g - a potion of might {unknown}
 j - 2 potions of curing
 k - a potion of brilliance {unknown}
 r - a potion of flight


   Skills:
 - Level 3.6 Fighting
 + Level 7.5 Long Blades
 - Level 2.4 Armour
 - Level 1.1 Dodging
 - Level 1.7 Invocations


You had 4 spell levels left.
You didn't know any spells.
Your spell library contained the following spells:

 Spells                   Type           Power      Damage    Failure   Level
 Call Canine Familiar     Summ           0%         N/A       94%         3
 Portal Projectile        Hex/Tloc       0%         N/A       94%         3
 Leda's Liquefaction      Hex/Erth       0%         N/A       100%        4


Dungeon Overview and Level Annotations

Branches:
Dungeon (3/15)              Sewer (visited)

Altars:
Zin


Innate Abilities, Weirdness & Mutations

You have a pair of horns on your head.
You reflexively headbutt those who attack you in melee.


Message History

You slash the orc priest!
You kill the orc priest!
Lugonu accepts your kill. The orc closely misses you.
The orc hits you but does no damage. The orc barely misses you.
The orc barely misses you. The orc hits you with a +0 trident.
There is an open door, spattered with blood here.
Items here: $ ))) ? [[ †.
You closely miss the orc. Your headbutt misses the orc.
The orc hits you with a +0 dagger. The orc barely misses you. x2
You slash the orc!
You kill the orc!
Lugonu accepts your kill. The orc barely misses you. You furiously retaliate!
You headbutt the orc!
You kill the orc!
Lugonu accepts your kill. The orc closely misses you.
You completely miss the orc. The orc hits you with a +0 trident!
The orc hits you with a +0 club.
You slash the orc!
You kill the orc!
Lugonu accepts your kill. The orc barely misses you.
The orc hits you with a +0 trident!
* * * LOW HITPOINT WARNING * * *
You barely miss the orc. The orc barely misses you. You furiously retaliate!
You headbutt the orc!
You kill the orc!
Lugonu accepts your kill.
The orc hits you from afar with a +0 trident.
* * * LOW HITPOINT WARNING * * *
Things that are here:
a +0 trident; a sedimented sapphire potion You feel a strong urge to attack something.
You are no longer berserk.
You are exhausted.
You feel yourself slow down. The orc hits you with a +0 trident!
* * * LOW HITPOINT WARNING * * *
Items here: ( )) ††.
You barely miss the orc. The orc hits you with a +0 trident!
You die...

.................#
#
######.#######..#
##.#...$.#..#
#..#.).$$#..#
###..#.$_$.#..#
#...†#...$.#..#
#.##.#..).$#..# #.
#.###)###..##.# #
##...o@).......#
#...[..........#
.....######.##.###
#####..........#
.....##.#### .###
#.# ..# ###


You could see an orc.

Vanquished Creatures
  An orc priest (D:3)
  An orc wizard (D:3)
  6 adders
  6 river rats (Sewer)
  3 worms
  A dart slug (D:1)
  5 orcs (D:3)
  9 ball pythons
  4 endoplasms
  3 giant cockroaches
  7 goblins
  4 hobgoblins
  2 quokkas (D:1)
  7 bats
  8 frilled lizards
  4 kobolds
  10 rats
81 creatures vanquished.

Notes
Turn   | Place    | Note
-------+----------+-------------------------------------------
     0 | Abyss:1  | dolemite99 the Minotaur Abyssal Knight began the quest for
                  | the Orb.
     0 | Abyss:1  | Reached XP level 1. HP: 19/19 MP: 1/1
     8 | D:1      | Escaped the Abyss
    62 | D:1      | Reached skill level 3 in Long Blades
   454 | D:1      | Reached XP level 2. HP: 25/26 MP: 2/2
   635 | D:1      | Reached ** piety under Lugonu
   637 | D:1      | Reached skill level 4 in Long Blades
  1281 | D:1      | Reached XP level 3. HP: 31/31 MP: 3/3
  1487 | D:2      | Reached skill level 5 in Long Blades
  1539 | D:2      | Found a faded altar of an unknown god.
  1638 | D:2      | Reached XP level 4. HP: 34/39 MP: 4/4
  2359 | D:3      | Found a glowing drain.
  2369 | Sewer    | Entered a sewer
  2508 | Sewer    | Reached skill level 6 in Long Blades
  2646 | Sewer    | Reached XP level 5. HP: 40/45 MP: 5/5
  3200 | D:3      | Found a glowing silver altar of Zin.
  3219 | D:3      | Reached *** piety under Lugonu
  3296 | D:3      | Reached skill level 7 in Long Blades
  3306 | D:3      | Slain by an orc

Illustrated notes

Levels and vault maps discovered:
D:1:      dpeg_arrival_renting, layout_basic, grunt_decor_fettered,
          minmay_box_of_dots
D:2:      layout_loops_ring, dreamdust_ecumenical_altar_statues
D:3:      layout_loops_ring, mainiacjoe_overflow_cross_hatched,
          amcnicky_altar_gilded, slow_altar_1, cheibrodos_sewer_entry_sluice

Skill      XL: |  1  2  3  4  5 |
---------------+----------------+-----
Long Blades    | 3 4 5 6 7 |  7.5
Fighting       | |  3.6
Armour         | |  2.4
Dodging        | |  1.1
Invocations    | |  1.7

Action                   |  1- 3 |  4- 6 || total
-------------------------+-------+-------++-------
Melee: Falchion          |    70 |   115 ||   185
       Headbutt          |     9 |    11 ||    20
  Use: Scroll            |     2 |    10 ||    12
       Potion            |       |     2 ||     2
Armor: Leather armour    |    21 |     2 ||    23
       Ring mail         |       |    32 ||    32
Dodge: Dodged            |    38 |    63 ||   101

Table legend: (Time is in decaauts)
 A = Elapsed time spent in this place.
 B = Non-inter-level travel time spent in this place.
 C = Inter-level travel time spent in this place.
 D = Time resting spent in this place.
 E = Time spent auto-exploring this place.
 F = Levels seen in this place.
 G = Mean time per level.
                   A        B        C        D        E       F      G
               +--------+--------+--------+--------+--------+-----+--------+
         Total |   3339 |   3249 |     90 |    861 |   1704 |   5 |  667.8 |
       Dungeon |   2667 |   2577 |     90 |    811 |   1306 |   3 |  889.0 |
         Abyss |      8 |      8 |      0 |      0 |      2 |   1 |    8.0 |
         Sewer |    663 |    663 |      0 |     50 |    396 |   1 |  663.0 |
               +--------+--------+--------+--------+--------+-----+--------+

Top non-repeatable levels by time:
     D:1: 1432 daAuts
     D:2: 901 daAuts
   Sewer: 663 daAuts
     D:3: 334 daAuts
 Abyss:1: 8 daAuts
